 Dungeon Crawl Stone Soup version 0.30.1-11-g7821555f0a (webtiles) character file.

Game seed: 6052501354794288684

5 lonewolfV2 the Shield-Bearer (level 1, 0/18 HPs)
             Began as a Formicid Fighter on Dec 8, 2023.
             Slain by a hobgoblin (3 damage)
             ... on level 1 of the Dungeon.
             The game lasted 00:00:17 (69 turns).

lonewolfV2 the Shield-Bearer (Formicid Fighter)       Turns: 69, Time: 00:00:18

Health: 0/18       AC:  6    Str: 20    XL:     1   Next: 88%
Magic:  1/1        EV:  9    Int:  7    God:
Gold:   9          SH:  5    Dex: 13    Spells: 0/0 levels left

rFire   . . .        a - +0 war axe
rCold   . . .        c - +0 buckler
rNeg    . . .        b - +0 scale mail
rPois   .            (helmet unavailable)
rElec   .            (no cloak)
rCorr   .            (no gloves)
SInv    +            (no boots)
Will    .....        (no amulet) Stlth
                     (no ring)
HPRegen 0.23/turn    (no ring)
MPRegen 0.07/turn

%: no passive effects
@: no status effects
A: permanent stasis, dig shafts and tunnels, antennae 3, four strong arms
a: Dig, Shaft Self


You were on level 1 of the Dungeon.
You visited 1 branch of the dungeon, and saw 1 of its levels.

You collected 9 gold pieces.

Inventory:

Hand Weapons
 a - a +0 war axe (weapon)
Armour
 b - a +0 scale mail (worn)
 c - a +0 buckler (worn)
Potions
 d - a potion of might
 e - a potion of curing {unknown}


   Skills:
 + Level 3.4 Fighting
 * Level 2.3 Axes
 - Level 3.2 Armour
 - Level 4.0 Shields


You couldn't memorise any spells.
You didn't know any spells.
Your spell library was empty.

Dungeon Overview and Level Annotations

Branches:
Dungeon (1/15)

Altars:


Innate Abilities, Weirdness & Mutations

You cannot be hasted, slowed, berserked, paralysed or teleported.
You can dig through walls and to a lower floor.
You have a pair of large antennae on your head. (SInv)
Your four strong arms can wield two-handed weapons with a shield.


Message History

There are monsters nearby!
You barely miss the endoplasm.
The endoplasm hits you but does no damage.
You hit the endoplasm but do no damage. The endoplasm freezes you.
You are frozen.
The hobgoblin barely misses you. The endoplasm closely misses you.
You hit the endoplasm.
The endoplasm is moderately wounded.
You barely miss the hobgoblin.
A hobgoblin comes into view.
The hobgoblin hits you.
The endoplasm hits you but does no damage.
There are monsters nearby!
The hobgoblin shouts!
You hit the endoplasm.
The endoplasm is severely wounded.
You barely miss the hobgoblin.
A rat comes into view.
The hobgoblin closely misses you. The endoplasm freezes you.
You are frozen.
You hit the endoplasm but do no damage.
The endoplasm is severely wounded.
You hit the hobgoblin. You block the hobgoblin's attack.
The endoplasm closely misses you.
The hobgoblin hits you but does no damage.
The hobgoblin throws a boomerang.
The boomerang hits you. The endoplasm hits you.
* * * LOW HITPOINT WARNING * * *
You hit the endoplasm but do no damage.
The endoplasm is severely wounded.
You barely miss the hobgoblin. You block the endoplasm's attack.
The hobgoblin hits you but does no damage.
You barely miss the endoplasm.
The endoplasm is severely wounded.
You hit the hobgoblin but do no damage.
The hobgoblin hits you but does no damage.
You block the endoplasm's attack. The hobgoblin hits you.
You die...

....#..~..#.....###.#
..####...####....##..
## ##.## ###..###.
####.# . ##....#
#####..)..#
#....!....#
..###..)..#
......rg@J#
.....!..........
.....g....##.###
....#####.# # .... .#
... .# .. .# .#


You could see an endoplasm, 2 hobgoblins and a rat.

Vanquished Creatures
  2 goblins (D:1)
  A kobold (D:1)
  A quokka (D:1)
4 creatures vanquished.

Notes
Turn   | Place    | Note
-------+----------+-------------------------------------------
     0 | D:1      | lonewolfV2 the Formicid Fighter began the quest for the
                  | Orb.
     0 | D:1      | Reached XP level 1. HP: 18/18 MP: 1/1
    69 | D:1      | Slain by a hobgoblin

Illustrated notes

Levels and vault maps discovered:
D:1:      eino_arrival_water_star, layout_rooms,
          shapermc_ecumenical_altar_pompeii, minmay_tromino_i2

Action                     || total
---------------------------++-------
  Melee: War axe           ||    18
 Armour: Scale mail        ||    17
  Dodge: Dodged            ||    15
  Block: Buckler           ||     9
